Unix NetHack Version 5.0.0-0 post-release - last build Jun 10 2026 00:39:30 (3ee93aec679c4c4259841fe613dc97188e26a321,branch:main).

Game began 2026-06-25 17:22:30, ended 2026-06-25 22:53:54.

Ch3Begorrah, chaotic female human Rogue

                             .----..  --.            ----
                            ...%....--...-..----------...----
                            ..0|)....).).......).......%....|
                           ..[----.....--------------------...
                          ....-  |..----   ---            --).-
                         ..... ---.%--....--..--       --. |..--
                        -....  |.....[.%.......|      --...|)...
                        |.--   |.-...--..--....|      |.....^..|
                       --.|    -....-  --- -...|      --.......
                       |..|   ......|      |..--       |......
          |........--....--- -......|                  ---...
          |................--......--                    |.....
          |.---...................                        ...f.
                     ........--...                         -..-
                      .|.| .-- -.-                         ----
                       ---     ---
Ch3Begorrah the Kitten  St:18 Dx:18 Co:16 In:14 Wi:11 Ch:10  Chaotic
Dlvl:9  $:166 HP:11(11) Pw:39(39) AC:6  HD:2 T:10621  Overloaded

Latest messages:
 There is a staircase up to level 8 here.
 You see here a gnome corpse.
 In what direction? n
 The dagger hits the gnome king!
 In what direction? n
 You throw 3 daggers.
 The 1st dagger hits the gnome king!
 The 2nd dagger hits the gnome king!
 The 3rd dagger hits the gnome king!
 In what direction? n
 You throw 2 daggers.
 The 1st dagger hits the gnome king!
 You kill the gnome king!
 You have a little trouble lifting b - 5 +0 daggers (at the ready) (9 in total).
 A dart misses you.
 In what direction? j
 You throw 3 daggers.
 The 1st dagger hits the gnome!
 You kill the gnome!
 You have a little trouble lifting b - a +0 dagger (at the ready) (7 in total).
 You see here 11 darts.
 The gnome king hits!
 In what direction? b
 You throw 3 daggers.
 The 1st dagger hits the gnome king!
 The 2nd dagger hits the gnome king!
 The 3rd dagger hits the gnome king!
 The gnome king hits!
 In what direction? b
 You kill the gnome king!
 You have a little trouble lifting b - 4 +0 daggers (at the ready) (7 in total).
 You see here 11 darts.
 You find an arrow trap.
 You learn more about your items by comparing them.
 You have a little trouble lifting b - 5 +0 daggers (at the ready) (12 in total).
 You have a little trouble lifting b - a +0 dagger (at the ready) (13 in total).
 You have a little trouble lifting b - 2 +0 daggers (at the ready) (15 in total).
 You step onto a polymorph trap!
 You feel a change coming over you.
 You turn into a female kitten!
 Your armor falls around you!
 You can't even move a handspan with this load!
 You shrink out of your cloak!
 You drop your gloves and weapon!
 You can no longer hold your shield!
 Your helm falls to the floor!
 Your boots are pushed off your feet!
 You feel yourself slow down.
 Really quit without saving? [yn] (n) y
 Do you want your possessions identified? [ynq] (y) q

Inventory:
 Coins    ('$')
  $ - 166 gold pieces
 Amulets  ('"')
  Q - an uncursed amulet of ESP (being worn)
 Weapons  (')')
  b - 15 +0 daggers (at the ready)
 Comestibles  ('%')
  I - 3 uncursed carrots
  O - an uncursed cram ration
  s - an uncursed partly eaten food ration
  R - an uncursed fortune cookie
  U - 3 uncursed K-rations
  W - an uncursed lizard corpse
 Scrolls  ('?')
  G - an uncursed scroll of earth
  B - 2 uncursed scrolls of teleportation
 Potions  ('!')
  v - an uncursed potion of extra healing
  Z - an uncursed potion of gain energy
  T - an uncursed potion of healing
 Rings    ('=')
  k - an uncursed ring of cold resistance named ok
  E - an uncursed ring of conflict named ok
  z - a blessed +2 ring of gain constitution
  q - a cursed -2 ring of gain strength
  h - an uncursed +1 ring of increase accuracy named ok
  t - a blessed +3 ring of increase damage named ok
  o - an uncursed ring of searching named ok
  m - an uncursed ring of shock resistance
  a - an uncursed ring of sustain ability named ok
  r - an uncursed ring of sustain ability named ok
  H - an uncursed ring of teleport control
  S - an uncursed ring of warning named ok
 Wands    ('/')
  N - a wand of digging (0:8)
  l - a wand of digging (0:5)
  M - a wand of digging (0:2)
  A - a wand of secret door detection (0:10)
  F - a wand of sleep (0:3)
  d - a wand of slow monster (0:2)
  j - a wand of speed monster (0:4)
  i - a wand of striking (0:6)
  V - a wand of teleportation (0:4)
  n - a wand of undead turning (0:7)
 Tools    ('(')
  f - an uncursed sack containing 40 items
  D - an uncursed sack containing 7 items
  u - an uncursed blindfold
  e - an uncursed lock pick named f#-e-e_
  w - an uncursed lock pick
  K - an uncursed skeleton key
  p - an uncursed partly used tallow candle
 Gems/Stones  ('*')
  L - an uncursed worthless piece of blue glass
  C - an uncursed worthless piece of white glass
  y - a blessed luckstone named Luck

Contents of the sack:
  658 gold pieces
  an uncursed +0 helm of brilliance
  an uncursed +0 robe
  an uncursed slime mold
  4 uncursed food rations
  an uncursed scroll of scare monster
  an uncursed scroll of confuse monster
  an uncursed scroll of taming named ok
  an uncursed scroll of magic mapping named ok
  a blessed scroll of amnesia
  an uncursed scroll of amnesia
  an uncursed scroll of blank paper
  2 blessed scrolls of blank paper
  an uncursed scroll of create monster named ursed
  an uncursed scroll of earth
  3 uncursed scrolls of enchant armor
  2 uncursed scrolls of enchant weapon
  an uncursed scroll of fire
  an uncursed scroll of food detection
  a blessed scroll of identify
  an uncursed scroll of teleportation
  an uncursed potion of oil
  an uncursed potion of confusion
  an uncursed potion of paralysis
  a potion of holy water
  a cursed ring of fire resistance named cursed
  an uncursed ring of polymorph named Unc
  an uncursed -1 ring of protection
  a wand of speed monster (0:5)
  a wand of teleportation (0:6)
  a wand of undead turning (0:3)
  a wand of undead turning (0:4)
  a wand of undead turning (0:5)
  2 uncursed worthless pieces of black glass
  2 uncursed jet stones
  an uncursed worthless piece of orange glass
  an uncursed diamond
  an uncursed worthless piece of yellow glass
  an uncursed worthless piece of blue glass
  an uncursed worthless piece of white glass

Contents of the sack:
  2 uncursed slime molds
  an uncursed banana
  2 uncursed food rations
  an uncursed scroll of blank paper
  an uncursed scroll of identify
  2 blessed scrolls of remove curse
  a potion of holy water

Ch3Begorrah the Rogue's attributes:

Background:
 You were in female kitten form.
 You were actually a Pilferer, a level 10 male human Rogue.
 You were chaotic, nominally on a mission for Kos
 who was opposed by Issek (lawful) and Mog (neutral).
 You were normally right-handed.
 You were in the Gnomish Mines, on level 9.
 You entered the dungeon 10621 turns ago.
 It was nighttime.

Basics:
 You had all 11 hit points.
 You had all 39 energy points (spell power).
 You had 2 hit dice.
 Your armor class was 6.
 Your wallet contained 166 zorkmids, and
 you had 658 more stashed away in your pack.
 Autopickup was on for '$!/(' plus thrown, with exceptions.

Final Characteristics:
 Your strength was 18.
 Your dexterity was 18.
 Your constitution was 16.
 Your intelligence was 14.
 Your wisdom was 11.
 Your charisma was 10.

Final Status:
 You were transformed.
 You weren't hungry.
 You were overloaded; movement was not possible.
 You weren't wielding anything.
 You were unskilled in bare handed combat and could have enhanced that.
 You weren't wearing any armor.

Final Attributes:
 You were piously aligned.
 You were telepathic.
 You had automatic searching.
 You had infravision.
 You were stealthy.
 You were polymorphed into a kitten.
 You were lucky.
 You had extra luck.
 Good luck did not time out for you.
 You survived.

Miscellaneous:
 You didn't encounter any bones levels.
 Total elapsed playing time was 2 hours, 50 minutes and 18 seconds.

Major events:
 Turn
    1: Ch3Begorrah the chaotic male human Rogue entered the dungeon
 1246: attained the rank of Cutpurse (level 3)
 2231: entered the Gnomish Mines
 3355: attained the rank of Rogue (level 6)
 6522: entered Sokoban
 7820: completed 1st Sokoban level
 8245: completed 2nd Sokoban level
 8879: completed 3rd Sokoban level
10177: reached Mine Town
10449: attained the rank of Pilferer (level 10)
10621: quit

You didn't know any spells.

Skills:
 Fighting Skills
   bare handed combat [Unskilled]
   two weapon combat  [Unskilled]
   riding             [Unskilled]
 Weapon Skills
   dagger             [Skilled]
   knife              [Unskilled]
   short sword        [Basic]
   broadsword         [Unskilled]
   long sword         [Unskilled]
   two-handed sword   [Unskilled]
   saber              [Unskilled]
   club               [Unskilled]
   mace               [Unskilled]
   morning star       [Unskilled]
   flail              [Unskilled]
   hammer             [Unskilled]
   polearms           [Unskilled]
   spear              [Unskilled]
   crossbow           [Unskilled]
   dart               [Unskilled]
   shuriken           [Unskilled]
 Spellcasting Skills
   divination spells  [Unskilled]
   escape spells      [Unskilled]
   matter spells      [Unskilled]

Voluntary challenges:
 Character rerolling was not enabled.
 You followed a strict vegan diet.
 You were an atheist.
 You never genocided any monsters.
 You never polymorphed an object.
 You used no wishes.
 You did not violate any of the special Sokoban rules.
Achievements:
 You entered a shop.
 You attained the rank of Cutpurse.
 You entered the Gnomish Mines.
 You attained the rank of Rogue.
 You entered Sokoban.
 You entered Minetown.
 You attained the rank of Pilferer.

 The Dungeons of Doom: levels 1 to 12
    Level 1:
       A fountain.
    Level 2:
       A general store, some fountains, a sink.
    Level 3:
       A sink.
    Level 4:
       Stairs down to The Gnomish Mines.
    Level 5: "1SB chest"
       A general store, a fountain.
    Level 6:
       An altar to Kos.
    Level 7: "1sb chest"
       A fountain.
    Level 8:
       An armor shop.
    Level 9:
       Many fountains.
       Oracle of Delphi.
    Level 10:
       A fountain.
       Stairs up to Sokoban, level 9.
    Level 11:
       An altar, some fountains, a sink.
    Level 12:
 The Gnomish Mines: levels 5 to 9
    Level 5:
    Level 6:
    Level 7:
    Level 8:
       An altar, a fountain.
    Level 9: <- You were here.
 Sokoban: levels 9 up to 6
    Level 6:
       Unsolved.
    Level 7:
       Solved.
    Level 8:
       Solved.
    Level 9:
       Solved.


Vanquished creatures:
  a giant mimic
  3 long worms
  a large mimic
  a warg
  2 winter wolves
  2 small mimics
  2 quantum mechanics
  a gelatinous cube
  a pyrolisk
  a flaming sphere
  a tiger
 an ochre jelly
  a carnivorous ape
 an ettin zombie
 an amorous demon
  3 chameleons
  2 giant beetles
  2 cockatrices
  8 wolves
 an iron piercer
  3 giant spiders
  2 gnome rulers
 an ogre
  2 rust monsters
  a yeti
  a werewolf
  4 lizards
  2 jaguars
  a dwarf leader
  a blue jelly
  a dust vortex
  a raven
  2 human zombies
  a Woodland-elf
  a wood nymph
  3 water nymphs
  2 Mordor orcs
 an Uruk-hai
 an orc shaman
  a rock piercer
  2 ponies
  a fog cloud
  a yellow light
  3 shriekers
  2 violet fungi
 13 gnome leaders
  2 kobold mummies
  3 elf zombies
  a straw golem
  3 paper golems
 10 giant ants
  6 floating eyes
  2 kittens
 10 dwarves
  a kobold leader
 12 hill orcs
  4 rothes
  a rabid rat
  a centipede
  3 giant bats
  a monkey
  a dwarf zombie
  a wererat
  3 iguanas
 10 killer bees
  3 acid blobs
  2 coyotes
  2 gas spores
  a hobbit
  a large kobold
  2 hobgoblins
  5 giant rats
  5 cave spiders
  2 brown molds
  2 yellow molds
  2 green molds
  a red mold
 29 gnomes
  a gnome zombie
  3 geckos
  8 jackals
  3 foxes
  a kobold
  5 goblins
  3 sewer rats
  2 grid bugs
  6 bats
  4 lichens
  2 kobold zombies
 11 newts
271 creatures vanquished.

No species were genocided or became extinct.

Goodbye Ch3Begorrah the Rogue...

You quit in The Gnomish Mines on dungeon level 9 with 22708 points,
and 824 pieces of gold, after 10621 moves.
You were level 10 with a maximum of 71 hit points when you quit.

